Map: Persephone LE

Players

zewz

  • Race: Terran Terran
  • League: Master
  • Spawn Location: 7:00

Hardvision - Winner!

  • Race: Terran Terran
  • League: Grandmaster
  • Spawn Location: 11:00

VOD

Have the link to the VOD?

Description

Time

  • Played on: Nov. 9, 2025, 4:01 a.m.
  • Length: 7:06
Show
View Real Time Build Order
Export as new Build Order

zewz Terran 

Build Orders:  

Get SALT Encoding   

  12  0:00  SCV  
  13  0:12  SCV  
  14  0:24  SCV  
  14  0:25  Supply Depot  
  15  0:47  SCV  
  15  0:48  Barracks  
  16  0:50  Refinery  
  16  0:57  Refinery  
  16  0:59  SCV  
  17  1:11  SCV  
  18  1:23  SCV  
  19  1:35  Orbital Command, Reaper  
  19  1:38  Supply Depot  
  20  1:48  Factory  
  20  2:01  SCV  
  20  2:07  Reaper  
  22  2:13  SCV  
  23  2:21  Command Center  
  23  2:26  SCV  
  24  2:32  Hellion  
  26  2:39  SCV  
  26  2:44  Supply Depot  
  27  2:45  Barracks Reactor  
  27  2:48  Starport  
  27  2:51  SCV  
  28  2:58  Factory Tech Lab  
  28  3:04  SCV  
  29  3:16  SCV  
  29  3:18  Cyclone  
  33  3:23  Marine x2  
  33  3:25  Refinery  
  35  3:28  SCV  
  35  3:33  Starport Tech Lab, Orbital Command  
  36  3:40  Marine  
  36  3:41  Marine  
  38  3:47  SCV  
  39  3:50  Siege Tank  
  42  3:59  SCV  
  42  4:01  Marine x2  
  45  4:04  SCV  
  45  4:05  Raven  
  48  4:11  SCV  
  48  4:16  SCV  
  50  4:22  Siege Tank  
  50  4:23  SCV  
  53  4:28  SCV  
  53  4:29  Supply Depot  
  54  4:33  Interference Matrix  
  54  4:36  SCV  
  53  4:40  SCV  
  53  4:45  Supply Depot  
  54  4:50  SCV, Raven, Marine x2  
  60  4:52  SCV  
  60  5:00  Supply Depot  
  60  5:02  SCV  
  60  5:06  Siege Tank  
  64  5:08  SCV  
  65  5:14  Command Center  
  65  5:15  SCV  
  65  5:20  SCV  
  67  5:22  Marine x2  
  67  5:26  Raven  
  71  5:29  SCV  
  71  5:30  Supply Depot  
  71  5:35  SCV  
  73  5:39  Supply Depot  
  73  5:40  Siege Tank  
  76  5:43  SCV  
  77  5:52  SCV  
  77  5:56  SCV  
  77  5:57  Barracks x2  
  79  6:01  Supply Depot  
  79  6:05  SCV, Refinery  
  79  6:10  SCV  
  81  6:13  Engineering Bay  
  81  6:14  Engineering Bay, Marine  
  81  6:15  Viking x2  
  81  6:17  SCV  
  87  6:21  Siege Tank  
  87  6:22  SCV  
  91  6:28  Orbital Command  
  91  6:29  SCV  
  92  6:34  SCV  
  92  6:39  Supply Depot  
  93  6:47  SCV  
  92  6:50  Barracks Reactor x2  
Show
View Real Time Build Order
Export as new Build Order

Hardvision Terran - Winner!

Build Orders:  

Get SALT Encoding   

  12  0:00  SCV  
  13  0:12  SCV  
  14  0:17  Supply Depot  
  14  0:24  SCV  
  15  0:39  SCV  
  15  0:40  Barracks  
  16  0:45  Refinery  
  16  0:51  SCV  
  16  0:52  Refinery  
  17  1:03  SCV  
  18  1:15  SCV  
  19  1:27  Orbital Command, Reaper  
  19  1:30  Supply Depot  
  20  1:42  Factory  
  20  1:53  SCV  
  21  2:01  Reaper  
  21  2:05  SCV  
  23  2:17  SCV  
  24  2:26  Command Center  
  24  2:29  Hellion  
  26  2:30  SCV  
  26  2:34  Reaper  
  26  2:35  Supply Depot  
  28  2:43  SCV  
  29  2:51  Hellion  
  31  2:59  SCV  
  31  3:00  Starport  
  32  3:07  Barracks Reactor  
  32  3:11  SCV  
  33  3:13  Factory Tech Lab  
  33  3:20  Refinery  
  33  3:23  SCV  
  34  3:33  Cyclone  
  37  3:48  Starport Tech Lab, Marine  
  37  3:49  Orbital Command, Marine  
  39  4:03  SCV  
  39  4:06  Supply Depot, Marine x2  
  42  4:10  Siege Tank  
  42  4:12  Raven  
  42  4:15  SCV x2  
  47  4:25  Interference Matrix  
  47  4:27  SCV x2  
  47  4:31  Marine x2  
  50  4:39  SCV x2  
  50  4:41  Refinery  
  50  4:42  Siege Tank  
  50  4:44  Supply Depot  
  55  4:48  Raven  
  55  4:51  SCV x2  
  59  5:02  Marine x2  
  59  5:03  SCV  
  59  5:05  SCV  
  63  5:07  Starport  
  63  5:11  Supply Depot  
  63  5:15  SCV  
  63  5:17  Siege Tank  
  63  5:18  Supply Depot  
  67  5:26  SCV  
  68  5:30  SCV  
  68  5:31  Supply Depot  
  68  5:32  Viking x2  
  73  5:38  SCV  
  74  5:43  SCV  
  74  5:45  Supply Depot  
  74  5:49  Siege Tank  
  78  5:53  Liberator  
  78  5:55  SCV  
  78  5:56  SCV  
  82  6:03  Supply Depot  
  82  6:05  Supply Depot  
  82  6:06  Viking x2  
  82  6:09  SCV  
  87  6:16  SCV  
  88  6:21  SCV  
  88  6:24  Siege Tank  
  92  6:34  SCV  
  92  6:35  Supply Depot  
  92  6:36  Command Center, Viking  
  95  6:53  SCV x2  
  101  6:55  Supply Depot  
Tags
 
Matchup
TvT
Race
Terran
Replay Pack
terran openings
Spawn Locations
Close Positions
Add a new tag
Caveats
  • Supply blocks, unpowered buildings, or Contaminate may cause inaccurate times.
  • Supply counts are checked every 10 seconds.